 Dungeon Sprint DCSS version 0.21.1-1-g345015f (webtiles) character file.

7763 Mgcat the Fighter (level 11, -4/80 HPs)
             Began as a Gargoyle Fighter on Feb 8, 2018.
             Killed by the air
             ... invoked by a spriggan air mage
              (17 damage)
             ... in the Dungeon (Sprint V: "Ziggurat Sprint").
             The game lasted 00:08:36 (971 turns).

Mgcat the Fighter (Gargoyle Fighter)                 Turns: 971, Time: 00:08:37

Health: -4/80      AC: 47    Str: 23    XL:     11   Next: 20%
Magic:  14/14      EV:  2    Int:  8    God:
Gold:   0          SH: 32    Dex: 18    Spells: 10/10 levels left

rFire    . . .     SeeInvis .   M - +12 lance "Wyrmbane" {slay drac, rPois rF+ rC+ AC+3}
rCold    + + .     Gourm    .   J - +18 shield of the Gong {rElec rN+ MR+ EV-5}
rNeg     + + .     Faith    .   I - +15 Maxwell's patent armour {-Cast -Tele rElec MR+ rCorr}
rPois    ∞         Spirit   .   y - +2 helmet {Int+3}
rElec    +         Reflect  .   (no cloak)
rCorr    +         Harm     .   x - +0 pair of gloves {Str+3}
MR       ++...     NoTele   +   (no boots) Stlth ..........NoCast +
                                (no amulet)
HPRegen  0.23/turn              N - ring of the Prince {Ice Int-4 Slay+6 Stlth+}
MPRegen  0.14/turn              w - +6 ring of dexterity

@: flying (expiring), studying Invocations
A: negative energy resistance 1, electricity resistance, unbreathing,
petrification resistance, rot immunity, AC +8
a: no special abilities


You were in the Dungeon.
You were hungry.

You visited 1 branch

Inventory:

Hand Weapons
 z - the +8 longbow "Zephyr" {speed, Dex+3 SInv}
   (You found it in the Dungeon)

   Attacks with this weapon are significantly faster.
   It affects your dexterity (+3).
   It lets you see invisible.
 M - the +12 lance "Wyrmbane" (weapon) {slay drac, rPois rF+ rC+ AC+3}
   (You found it in the Dungeon)

   It affects your AC (+3).
   It protects you from fire.
   It protects you from cold.
   It protects you from poison.
Armour
 x - a +0 pair of gloves of strength (worn)
   (You found it in the Dungeon)
 y - a +2 helmet of intelligence (worn)
   (You found it in the Dungeon)
 I - the +15 Maxwell's patent armour (worn) {-Cast -Tele rElec MR+ rCorr}
   (You found it in the Dungeon)

   It insulates you from electricity.
   It affects your resistance to hostile enchantments.
   It prevents spellcasting.
   It prevents most forms of teleportation.
   It protects you from acid and corrosion.
 J - the +18 shield of the Gong (worn) {rElec rN+ MR+ EV-5}
   (You found it in the Dungeon)

   It affects your evasion (-5).
   It insulates you from electricity.
   It protects you from negative energy.
   It affects your resistance to hostile enchantments.
Magical Staves
 D - an uncursed staff of energy {+MP, hungerless spells, !d!a@w1}
   (You found it in the Dungeon)
Jewellery
 w - a +6 ring of dexterity (right hand)
   (You found it in the Dungeon)
 A - a +6 ring of strength
   (You found it in the Dungeon)
 K - the ring "Ychoufa" {rN+ MP+9}
   (You found it in the Dungeon)

   [ring of magical power]

   It protects you from negative energy.
   It affects your magic capacity (+9).
 N - the ring of the Prince (left hand) {Ice Int-4 Slay+6 Stlth+}
   (You found it in the Dungeon)

   [ring of ice]

   It enhances your ice magic.
   It affects your intelligence (-4).
   It affects your accuracy and damage with ranged weapons and melee attacks
   (+6).
   It makes you vulnerable to fire.
   It protects you from cold.
   It makes you more stealthy.
Wands
 F - a wand of disintegration (7)
   (You found it in the Dungeon)
 G - a wand of iceblast (7)
   (You found it in the Dungeon)
 H - a wand of acid (7)
   (You found it in the Dungeon)
Scrolls
 a - 4 scrolls of enchant weapon
 k - 4 scrolls of blinking {!r}
 q - 4 scrolls of amnesia
 r - 7 scrolls of fog
 s - a scroll of holy word {!r}
 t - 5 scrolls of identify
 u - 5 scrolls of remove curse
 v - 2 scrolls of fear
Potions
 d - 6 potions of might
 e - 10 potions of curing
 g - 7 potions of heal wounds
 h - 6 potions of haste
 i - 7 potions of magic
 j - 3 potions of berserk rage {!q}
 l - 2 potions of brilliance
 m - 2 potions of invisibility
 n - 4 potions of resistance
 p - 5 potions of agility
Books
 o - a manual of Invocations {!d}
   (You found it in the Dungeon)
Miscellaneous
 b - a phantom mirror
 c - a box of beasts
 B - a phial of floods
   (You found it in the Dungeon)
 C - a lightning rod (4/4)
   (You found it in the Dungeon)
 E - a crystal ball of energy
   (You found it in the Dungeon)
 L - a lamp of fire
   (You found it in the Dungeon)
Comestibles
 f - 7 rations


   Skills:
 + Level 14.4 Fighting
   Level 2.0 Maces & Flails
 + Level 12.1 Polearms
 + Level 13.8 Armour
 + Level 14.4 Shields
 - Level 5.1 Evocations


You had 10 spell levels left.
You didn't know any spells.

Dungeon Overview and Level Annotations

Branches:
Dungeon (1/1)

Altars:
Ashenzari
Cheibriados
Dithmenos
Elyvilon
Fedhas
Gozag
Hepliaklqana
Kikubaaqudgha
Makhleb
Nemelex Xobeh
Okawaru
Qazlal
Ru
Sif Muna
Trog
Uskayaw
Vehumet
Wu Jian
Xom
Yredelemnul
Zin
The Shining One
Beogh
Jiyva
Lugonu

Annotations:
D 1 transporter


Innate Abilities, Weirdness & Mutations

You are resistant to torment.
Your stone body is resilient. (AC +8)
You are immune to poison.
You resist negative energy. (rN+)
You are resistant to electric shocks. (rElec)
You can survive without breathing.
You are immune to petrification.
You are immune to rotting.


Message History

The bolt of lightning hits the air elemental.
The air elemental completely resists.
The bolt of lightning hits you! You resist.
You hear a shout!
A spriggan air mage comes into view.
Unknown command.
Unknown command.
Unknown command.
A vortex of raging winds appears around the air elemental!
The spriggan air mage gestures at you while chanting.
The bolt of lightning hits you! You resist.
You hear a shout!
An insubstantial wisp comes into view.
The insubstantial wisp gives a chilling moan.
You hear a shout!
The vortex of raging winds lifts you up.
You fly up into the air.
The spriggan air mage waves its arms in wide circles.
The air twists around and violently strikes you in flight!
The spriggan air mage points at you and mumbles some strange words.
The bolt of lightning hits the storm dragon.
The storm dragon completely resists.
The bolt of lightning misses the air elemental.
The bolt of lightning hits you! You resist.
The spriggan air mage waves its arms in wide circles.
The air twists around and violently strikes you in flight!
You block the air elemental's attack.
BONNNG!
The storm dragon breathes lightning at you.
The bolt of lightning misses the air elemental.
The bolt of lightning hits you! You resist.
A spriggan air mage comes into view.
The spriggan air mage shouts!
A titan comes into view.
The titan shouts!
You hear a chilling moan.
You block the air elemental's attack.
PTOANNNG!
The spriggan air mage waves its arms in wide circles.
The air twists around and violently strikes you in flight!
* * * LOW HITPOINT WARNING * * *
You block the air elemental's attack.
SHROANNG!
The spriggan air mage waves its arms in wide circles.
The air twists around and violently strikes you in flight!
An insubstantial wisp comes into view.
Unknown command.
Unknown command.
Unknown command.
You feel much better.
You are engulfed in raging winds.
The winds around the air elemental start to calm down.
You block the air elemental's attack.
GONNNNG!
You block the air elemental's attack.
GONNNNG!
The air elemental hits you but does no damage.
The spriggan air mage waves its arms in wide circles.
The air twists around and violently strikes you in flight!
The spriggan air mage waves its arms in wide circles.
The air twists around and violently strikes you in flight!
* * * LOW HITPOINT WARNING * * *
You block the air elemental's attack.
GONNNNG!
The air elemental hits you but does no damage.
You feel much better.
You are engulfed in raging winds.
You block the air elemental's attack.
SHROANNG!
You block the air elemental's attack.
BONNNG!
You block the air elemental's attack.
BOUMMMMG!
You block the air elemental's attack.
GONNNNG!
What are your orders? t - Shout!
Orders for allies: a - Attack new target. r - Retreat! s - Stop attacking. g - Guard the area. f - Follow me.
Anything else - Cancel.
Okay, then.
Unknown command.
Okay, then.
Unknown command.
Unknown command.
Unknown command.
Unknown command.
Unknown command.
Unknown command.
You miss the spriggan air mage.
The spriggan air mage is moderately wounded.
You are engulfed in raging winds.
You block the air elemental's attack.
SHROANNG!
The air elemental hits you but does no damage.
You block the spriggan air mage's attack.
GONNNNG!
The spriggan air mage waves its arms in wide circles.
The air twists around and violently strikes you in flight!
* * * LOW HITPOINT WARNING * * *
The spriggan air mage waves its arms in wide circles.
The air twists around and violently strikes you in flight!
You die...

▓.▓.....▓)▓.▓...▓.▓
▓....©.)).▓...©...▓
▓▓▓▓▓▓▓▓▓▓▓▓▓▓▓▓▓▓▓
..8©8...▓...8©8...▓
.|[}?...▓..})=:...▓
▓..|}.}[..▓...):[|..▓
▓....§§C..▓.........▓
▓...i§§.vv▓.........▓
▓....i.ii@▓.........▓
▓....§§§DE▓.........▓
▓.....§E§§▓.........▓
▓.▓...§.▓§▓....©....▓
▓....§..§§▓▓▓▓▓▓▓▓▓▓▓
▓▓▓▓▓▓▓▓▓▓▓


You could see a titan, a storm dragon, 4 spriggan air magi, 2 air elementals and
2 insubstantial wisps.

Vanquished Creatures
  2 white draconians (D)
  A black draconian (D)
  A yellow draconian (D)
  A wretched star (D)
  4 draconians (D)
  A tarantella (D)
  A large abomination (D)
  2 ynoxinuls (D)
  A small abomination (D)
  2 phantoms (D)
  A necrophage (D)
  A wolf (D)
  A bullfrog (D)
  A scorpion (D)
  A wight (D)
  2 crimson imps (D)
  5 starcursed masses (D)
  5 quasits (D)
  3 iron imps (D)
  2 river rats (D)
  4 shadow imps (D)
  4 white imps (D)
  4 ufetubi (D)
  2 adder skeletons (D)
  An adder zombie (D)
  A bat skeleton (D)
  2 bat zombies (D)
  2 giant cockroach zombies (D)
58 creatures vanquished.

Notes
Turn   | Place    | Note
-------+----------+-------------------------------------------
     0 | D        | Found the +6 Majin-Bo {vamp, Archmagi MP+6 Int+6}
     0 | D        | Found the +7 great mace "Firestarter" {inner flame, rF++}
     0 | D        | Mgcat the Gargoyle Fighter began the quest for the Orb.
     0 | D        | Reached XP level 1. HP: 14/14 MP: 1/1
     0 | D        | Found a deep blue altar of Sif Muna.
     0 | D        | Found a sacrificial altar of Ru.
     0 | D        | Found a bloodstained altar of Trog.
     0 | D        | Found a stormy altar of Qazlal.
     0 | D        | Found an iron altar of Okawaru.
     0 | D        | Found a sparkling altar of Nemelex Xobeh.
     0 | D        | Found a blossoming altar of Fedhas.
     2 | D        | Found a transporter.
     2 | D        | Found an ancient bone altar of Kikubaaqudgha.
     2 | D        | Found a viscous altar of Jiyva.
     2 | D        | Found a corrupted altar of Lugonu.
     2 | D        | Found a hazy altar of Hepliaklqana.
     2 | D        | Found a burning altar of Makhleb.
     2 | D        | Found an opulent altar of Gozag.
    23 | D        | Found the +9 heavy crossbow "Sniper" {velocity, Acc+∞ SInv}
    23 | D        | Found the +10 dark maul {crush}
    23 | D        | Found the +15 Maxwell's patent armour {-Cast -Tele rElec MR+ rCorr}
    23 | D        | Found the +18 shield of the Gong {rElec rN+ MR+ EV-5}
    23 | D        | Found the cursed +14 obsidian axe {chop, +Fly SInv *Curse}
    25 | D        | Found the +6 shillelagh "Devastator" {shatter}
    25 | D        | Found the +11 plutonium sword {*Contam Stlth-}
    25 | D        | Found the +8 lance "Wyrmbane" {slay drac, rPois rF+ rC+ AC+3}
    25 | D        | Found the +9 sword of Zonguldrok {reap}
    25 | D        | Found the cursed +13 scythe of Curses {drain, *Curse}
    25 | D        | Found the +0 sword of Power
    25 | D        | Found the +13 mace of Variability {chaos}
    25 | D        | Found the +7 Singing Sword
    25 | D        | Found the +7 longbow "Piercer" {penet, EV-2}
   108 | D        | Reached skill level 5 in Fighting
   108 | D        | Reached skill level 3 in Polearms
   108 | D        | Reached skill level 5 in Shields
   108 | D        | Reached XP level 2. HP: 22/22 MP: 2/2
   114 | D        | Entered arena 2.
   114 | D        | Noticed a scorpion
   114 | D        | Noticed a tarantella
   114 | D        | Found a transporter.
   121 | D        | Killed a tarantella
   121 | D        | Reached skill level 7 in Fighting
   121 | D        | Reached skill level 5 in Polearms
   121 | D        | Reached skill level 5 in Armour
   121 | D        | Reached skill level 7 in Shields
   121 | D        | Reached XP level 3. HP: 15/28 MP: 3/3
   121 | D        | Reached XP level 4. HP: 18/34 MP: 4/4
   121 | D        | Reached XP level 5. HP: 21/38 MP: 5/5
   128 | D        | Reached skill level 6 in Armour
   258 | D        | Entered arena 3.
   258 | D        | Found a transporter.
   266 | D        | Reached skill level 8 in Fighting
   266 | D        | Reached skill level 6 in Polearms
   266 | D        | Reached skill level 8 in Shields
   266 | D        | Reached XP level 6. HP: 43/44 MP: 6/6
   278 | D        | Entered arena 4.
   278 | D        | Found a transporter.
   282 | D        | Reached skill level 7 in Armour
   288 | D        | Reached skill level 9 in Fighting
   288 | D        | Reached skill level 9 in Shields
   288 | D        | Reached XP level 7. HP: 48/51 MP: 7/7
   290 | D        | Reached skill level 7 in Polearms
   303 | D        | Entered arena 5.
   303 | D        | Found a transporter.
   315 | D        | Reached skill level 8 in Armour
   332 | D        | Entered arena 6.
   332 | D        | Found a transporter.
   343 | D        | Reached skill level 1 in Evocations
   358 | D        | Entered arena 7.
   358 | D        | Noticed a wretched star
   359 | D        | Found a transporter.
   368 | D        | Killed a wretched star
   368 | D        | Reached skill level 10 in Fighting
   368 | D        | Reached skill level 8 in Polearms
   368 | D        | Reached skill level 9 in Armour
   368 | D        | Reached skill level 10 in Shields
   368 | D        | Reached skill level 3 in Evocations
   368 | D        | Reached XP level 8. HP: 48/58 MP: 7/10
   451 | D        | Entered arena 8.
   452 | D        | Found a transporter.
   465 | D        | Reached skill level 4 in Evocations
   487 | D        | Got the cursed +1 chain mail of Eternal Night {Str-5 Dex+5}
   489 | D        | Got the +0 chain mail "Hutipp" {Str+5 Int+3 Dex+3}
   496 | D        | Entered arena 9.
   496 | D        | Noticed a ynoxinul
   496 | D        | Noticed a ynoxinul
   497 | D        | Found the +8 longbow "Zephyr" {speed, Dex+3 SInv}
   497 | D        | Found a transporter.
   502 | D        | Killed a ynoxinul
   502 | D        | Reached skill level 11 in Fighting
   502 | D        | Reached skill level 10 in Armour
   502 | D        | Reached skill level 11 in Shields
   510 | D        | Reached XP level 9. HP: 64/64 MP: 12/12
   511 | D        | Reached skill level 9 in Polearms
   511 | D        | Reached skill level 5 in Evocations
   536 | D        | Entered arena 10.
   536 | D        | Noticed a white draconian
   536 | D        | Noticed a draconian
   536 | D        | Noticed a white draconian
   536 | D        | Noticed a draconian
   536 | D        | Noticed a yellow draconian
   536 | D        | Noticed a black draconian
   536 | D        | Noticed a draconian
   536 | D        | Noticed a draconian
   554 | D        | Killed a black draconian
   554 | D        | Reached skill level 12 in Fighting
   554 | D        | Reached skill level 11 in Armour
   554 | D        | Reached skill level 12 in Shields
   562 | D        | Killed a draconian
   562 | D        | Reached skill level 10 in Polearms
   582 | D        | Killed a white draconian
   582 | D        | Reached skill level 12 in Armour
   582 | D        | Reached XP level 10. HP: 45/72 MP: 13/13
   588 | D        | Killed a draconian
   588 | D        | Reached skill level 13 in Fighting
   588 | D        | Reached skill level 13 in Shields
   596 | D        | Killed a yellow draconian
   596 | D        | Reached skill level 11 in Polearms
   599 | D        | Killed a draconian
   599 | D        | Reached skill level 13 in Armour
   609 | D        | Killed a draconian
   617 | D        | Killed a white draconian
   617 | D        | Reached skill level 14 in Fighting
   617 | D        | Reached skill level 14 in Shields
   617 | D        | Reached XP level 11. HP: 40/80 MP: 14/14
   624 | D        | Found a transporter.
   707 | D        | Got the ring "Ychoufa" {rN+ MP+9}
   792 | D        | Entered arena 11.
   792 | D        | Noticed a starcursed mass
   793 | D        | Found the +5 demon whip "Spellbinder" {antimagic, MR+}
   816 | D        | Paralysed by accursed screaming for 1 turns
   821 | D        | Reached skill level 12 in Polearms
   827 | D        | Killed a starcursed mass
   833 | D        | Killed a starcursed mass
   835 | D        | Found a transporter.
   852 | D        | Got the ring of the Prince {Ice Int-4 Slay+6 Stlth+}
   965 | D        | Entered arena 12.
   965 | D        | Noticed a spriggan air mage
   965 | D        | Noticed a spriggan air mage
   965 | D        | Noticed a storm dragon
   966 | D        | Noticed a spriggan air mage
   967 | D        | Noticed a spriggan air mage
   967 | D        | Noticed a titan
   968 | D        | HP: 9/80 [spriggan air mage/the air (32)]
   968 | D        | Found a transporter.
   971 | D        | Killed from afar by a spriggan air mage

Skill      XL: |  1  2  3  4  5  6  7  8  9 10 11 |
---------------+----------------------------------+-----
Fighting       | 5 7 8 9 10 11 12 14 | 14.4
Polearms       | 3 5 6 8 10 11 12 | 12.1
Shields        | 5 7 8 9 10 11 12 14 | 14.4
Armour         | 5 6 7 9 10 12 13 | 13.8
Evocations     | 3 4 5 |  5.1
Maces & Flails | |  2.0

Action                   |  1- 3 |  4- 6 |  7- 9 | 10-12 || total
-------------------------+-------+-------+-------+-------++-------
Melee: Lance             |     7 |    26 |   151 |    75 ||   259
  Use: Potion            |     1 |       |       |     3 ||     4
Armor: Plate armour      |     3 |    33 |    92 |    23 ||   151
Dodge: Dodged            |       |       |     7 |     3 ||    10
Block: Shield            |     8 |    49 |   243 |    81 ||   381

Vault maps used:
D:        sprint_v

Table legend:
 A = Turns spent in this place as a percentage of turns spent in the entire game.
 B = Non-inter-level travel turns spent in this place as a percentage of non-inter-level travel turns spent in the entire game.
 C = Inter-level travel turns spent in this place as a percentage of turns spent in this place.
 D = Turns resting spent in this place as a percentage of non-inter-level travel turns spent in this place.
 E = Turns spent auto-exploring this place as a percentage of non-inter-level travel turns spent in this place.
 F = Non-inter-level travel turns spent in this place divided by the number of levels of this place that you've seen.
                   A       B       C       D       E      F
               +-------+-------+-------+-------+-------+----------------------
         Total | 100.0 | 100.0 |   0.0 |  35.5 |   8.7 | 971.0
       Dungeon | 100.0 | 100.0 |   0.0 |  35.5 |   8.7 | 971.0
               +-------+-------+-------+-------+-------+----------------------

Table legend:
 A = Kills in this place as a percentage of kills in entire the game.
 B = Kills by you in this place as a percentage of kills by you in the entire game.
 C = Kills by friends in this place as a percentage of kills by friends in the entire game.
 D = Other kills in this place as a percentage of other kills in the entire game.
 E = Experience gained in this place as a percentage of experience gained in the entire game.
 F = Experience gained in this place divided by the number of levels of this place that you have seen.
                   A       B       C       D       E      F
               +-------+-------+-------+-------+-------+----------------------
         Total | 100.0 | 100.0 |   N/A |   N/A | 100.0 | 11080.0
       Dungeon | 100.0 | 100.0 |   N/A |   N/A | 100.0 | 11080.0
               +-------+-------+-------+-------+-------+----------------------
